 Dungeon Crawl Stone Soup version 0.28-a0-1182-g381e24db82 (webtiles) character file.

Game seed: 15499107906502807182

16 BlueGoblin the Ducker (level 2, 29/29 HPs)
             Began as a Troll Fighter on Dec 17, 2021.
             Was a Follower of Qazlal.
             Quit the game on level 2 of the Dungeon.
             The game lasted 00:00:50 (682 turns).

BlueGoblin the Ducker (Troll Fighter)                Turns: 682, Time: 00:00:51

Health: 29/29      AC:  4    Str: 23    XL:     2   Next: 41%
Magic:  1/1        EV:  8    Int:  4    God:    Qazlal [*.....]
Gold:   38         SH:  8    Dex:  9    Spells: 1/1 levels left

rFire   . . .      SeeInvis .   a - +0 flail
rCold   . . .      Faith    .   c - +0 kite shield
rNeg    . . .      Spirit   .   b - +0 robe
rPois   .          Reflect  .   (helmet restricted)
rElec   .          Harm     .   (no cloak)
rCorr   .          Rampage  .   (gloves unavailable)
Will    .....                   (boots unavailable)
Stlth   +.........              (no amulet)
HPRegen 0.89/turn               (no ring)
MPRegen 0.07/turn               (no ring)

@: no status effects
A: large, unfitting armour, claws 3, regeneration 1, shaggy fur 1, tough skin 1
a: Renounce Religion


You were on level 2 of the Dungeon.
You worshipped Qazlal.
Qazlal was aware of your devotion.
You visited 1 branch of the dungeon, and saw 2 of its levels.

You collected 38 gold pieces.

Inventory:

Hand Weapons
 a - a +0 flail (weapon)
Armour
 b - a +0 robe (worn)
 c - a +0 kite shield (worn)
Scrolls
 e - 2 scrolls of immolation {unknown}
Potions
 d - a potion of might


   Skills:
 + Level 2.6 Fighting
 + Level 2.0 Maces & Flails
 + Level 2.6 Dodging
 + Level 2.5 Shields


You had one spell level left.
You didn't know any spells.
Your spell library was empty.

Dungeon Overview and Level Annotations

Branches:
Dungeon (2/15)

Altars:
Qazlal


Innate Abilities, Weirdness & Mutations

You are too large for most types of armour.
You have claws for hands.
Your natural rate of healing is unusually fast.
You are covered in fur. (AC +1)
You have tough skin. (AC +1)


Message History

The giant cockroach bites you but does no damage. x2
You thump the giant cockroach!
You kill the giant cockroach!
No target in view!
You see here a giant cockroach corpse.
A ball python comes into view.
The ball python hisses angrily.
You closely miss the ball python. The ball python closely misses you. x2
A ball python is nearby!
You sock the ball python!
You kill the ball python!
Found a dagger.
No target in view!
Found a faded altar of an unknown god.
No target in view!
There is a faded altar of an unknown god here.
A ball python comes into view.
There is a dry fountain here.
A ball python is nearby!
There is a dry fountain here.
You hit the ball python.
The ball python is moderately wounded.
The ball python barely misses you. The ball python bites you.
You closely miss the ball python.
The ball python is moderately wounded.
The ball python bites you. The ball python barely misses you.
You hit the ball python.
You kill the ball python!
No target in view!
There is a faded altar of an unknown god here.
You cannot tell which god this altar belongs to.
Convert to them anyway?
Okay, then.
You cannot tell which god this altar belongs to.
Convert to them anyway?
Qazlal accepts your prayer! Qazlal welcomes you!
Qazlal grants you and your divine allies immunity to clouds.
You are now surrounded by a storm.
Unknown command.
Press < or > to pray at altars.
Are you sure you want to abandon this character and quit the game? (Confirm with "yes".)

########## ## .........#
!# #####.###.#
.......#...## #.#
#######..⌠.8# .#
#.⌠..#####.##
#...#∩#8#....
#.#8#@#...##.#####
...####..⌠.#).....
########8.⌠..##..####.#
........#...#.........#.#
########.###.##..##.###.#
### ####...#.# #.#
#.#.#.###.# #.#.....#.#
#.#.†..##.#


There were no monsters in sight!

Vanquished Creatures
  3 ball pythons
  2 bats (D:1)
  An endoplasm (D:1)
  2 giant cockroaches
  4 goblins (D:1)
  2 frilled lizards (D:1)
  A kobold (D:1)
  A rat (D:1)
16 creatures vanquished.

Notes
Turn   | Place    | Note
-------+----------+-------------------------------------------
     0 | D:1      | BlueGoblin the Troll Fighter began the quest for the Orb.
     0 | D:1      | Reached XP level 1. HP: 22/22 MP: 0/0
   316 | D:1      | Reached XP level 2. HP: 29/29 MP: 1/1
   653 | D:2      | Found a faded altar of an unknown god.
   681 | D:2      | Prayed at the altar of an unknown god.
   681 | D:2      | Became a worshipper of Qazlal Stormbringer
   681 | D:2      | Reached * piety under Qazlal
   682 | D:2      | Quit the game

Illustrated notes

Levels and vault maps discovered:
D:1:      onia_arrival_pyramid, layout_loops_ring, st_stairs_6
D:2:      layout_basic, shapermc_ecumenical_altar_venn

Skill      XL: |  1  2 |
---------------+-------+-----
Maces & Flails | 2 |  2.0
Fighting       | |  2.6
Dodging        | |  2.6
Shields        | |  2.5

Action                   || total
-------------------------++-------
Melee: Flail             ||    65
Armor: Robe              ||    30
Dodge: Dodged            ||    28
Block: Kite shield       ||    19

Table legend: (Time is in decaauts)
 A = Elapsed time spent in this place.
 B = Non-inter-level travel time spent in this place.
 C = Inter-level travel time spent in this place.
 D = Time resting spent in this place.
 E = Time spent auto-exploring this place.
 F = Levels seen in this place.
 G = Mean time per level.
                   A        B        C        D        E       F      G
               +--------+--------+--------+--------+--------+-----+--------+
         Total |    715 |    695 |     20 |      0 |    537 |   2 |  357.5 |
       Dungeon |    715 |    695 |     20 |      0 |    537 |   2 |  357.5 |
               +--------+--------+--------+--------+--------+-----+--------+

Top non-repeatable levels by time:
     D:1: 644 daAuts
     D:2: 71 daAuts
